 Dungeon Crawl Stone Soup version 0.30.1-4-g462c640d31 (webtiles) character file.

Game seed: 4655362978511115054

5763 rvierbuc the Ducker (level 10, -3/83 HPs)
             Began as a Demigod Conjurer on Aug 21, 2023.
             Slain by otakuarchivist's ghost (12 damage)
             ... on level 8 of the Dungeon on Aug 22, 2023.
             The game lasted 00:56:15 (10544 turns).

rvierbuc the Ducker (Demigod Conjurer)             Turns: 10544, Time: 00:56:15

Health: -3/83      AC:  6    Str:  8    XL:     10   Next: 25%
Magic:  7/23       EV: 14    Int: 38    God:
Gold:   586        SH:  6    Dex: 12    Spells: 14/22 levels left

rFire   + . .        k - +10 dagger "Ofuit" {flame, rF+}
rCold   . . .        w - +2 buckler
rNeg    . . .        a - +0 robe
rPois   .            C - +0 helmet
rElec   .            y - +0 cloak
rCorr   .            e - +0 pair of gloves
SInv    .            t - +0 pair of boots
Will    +....        A - amulet of regeneration
Stlth   ++           u - +6 ring of intelligence
HPRegen 1.13/turn    (no ring)
MPRegen 0.18/turn

%: no passive effects
@: no status effects
A: high MP 1, forlorn, divine attributes
a: no special abilities


You were on level 8 of the Dungeon.
You visited 1 branch of the dungeon, and saw 8 of its levels.
You also visited: Bailey.

You collected 586 gold pieces.

Inventory:

Hand Weapons
 j - a +2 short sword of electrocution
 k - the +10 dagger "Ofuit" (weapon) {flame, rF+}
   (You found it on level 2 of the Dungeon)

   rF:        It protects you from fire.
 r - a +1 falchion of holy wrath
 x - a +4 quarterstaff of chaos
 z - a +1 heavy scythe
 D - a +4 short sword
 E - a +2 great sword of protection
 F - a +3 long sword of freezing
 G - a +3 spear
 K - a +5 glaive
 M - a +4 vampiric triple sword
 N - a +3 spear of flaming
 P - a +4 long sword
Missiles
 i - 12 poisoned darts (quivered)
 J - 24 javelins
Armour
 a - a +0 robe (worn)
 e - a +0 pair of gloves (worn)
 t - a +0 pair of boots (worn)
 w - a +2 buckler (worn)
 y - a +0 cloak (worn)
 C - a +0 helmet (worn)
 I - +0 steam dragon scales
 T - a +1 leather armour of willpower
Jewellery
 u - a +6 ring of intelligence (left hand)
 A - an amulet of regeneration (around neck)
 H - a ring of see invisible
 O - a ring of ice
 R - a ring of resist corrosion
 V - a ring of willpower
Wands
 c - a wand of quicksilver (3)
 Q - a wand of roots (12)
Scrolls
 d - 6 scrolls of teleportation
 f - 2 scrolls of poison
 g - a scroll of enchant weapon
 n - a scroll of vulnerability
 o - 2 scrolls of fear
 p - a scroll of immolation
 L - 5 scrolls of enchant armour
 S - a scroll of fog
Potions
 b - a potion of magic
 h - a potion of mutation {unknown}
 l - 2 potions of brilliance {unknown}
 m - 2 potions of attraction {unknown}
 q - a potion of berserk rage {unknown}
 s - a potion of resistance
 v - a potion of haste {unknown}
 B - 3 potions of heal wounds {unknown}


   Skills:
 * Level 5.9 Fighting
 + Level 4.0 Short Blades
 * Level 7.1 Dodging
 + Level 3.8 Stealth
 + Level 2.7 Shields
 + Level 6.5 Spellcasting
 + Level 7.0 Conjurations
 + Level 1.8 Hexes


You had 14 spell levels left.
You knew the following spells:

 Your Spells              Type           Power      Damage    Failure   Level
a - Magic Dart            Conj           100%       1d8       1%          1
b - Searing Ray           Conj           100%       2d8       1%          2
c - Fulminant Prism       Conj/Hex       23%        3d12      7%          4
d - Apportation           Tloc           24%        N/A       4%          1

Your spell library contained the following spells:

 Spells                   Type           Power      Damage    Failure   Level
 Dazzling Flash           Conj/Hex       92%        N/A       2%          3
 Beastly Appendage        Tmut           24%        N/A       4%          1
 Lesser Beckoning         Tloc           24%        N/A       7%          2
 Sublimation of Blood     Necr           12%        N/A       7%          2
 Wereblood                Tmut           12%        N/A       7%          2
 Iskenderun's Mystic Bla  Conj/Tloc      39%        2d9       11%         4
 Sticky Flame             Conj/Fire      39%        2d6       11%         4
 Gell's Gravitas          Tloc           12%        N/A       14%         3
 Ignite Poison            Fire/Tmut/Pois 12%        N/A       14%         3
 Ozocubu's Armour         Ice            12%        N/A       14%         3
 Spider Form              Tmut/Pois      12%        N/A       14%         3
 Teleport Other           Tloc           12%        N/A       14%         3
 Irradiate                Conj/Tmut      19%        3d18      30%         5
 Petrify                  Tmut/Erth      12%        N/A       41%         4
 Summon Lightning Spire   Summ/Air       12%        N/A       41%         4
 Alistair's Intoxication  Tmut/Pois      8%         N/A       77%         5
 Dispersal                Tloc           6%         N/A       100%        6
 Ozocubu's Refrigeration  Ice            6%         4d8       100%        7
 Storm Form               Tmut/Air       6%         N/A       100%        7
 Ignition                 Fire           6%         3d4       100%        8
 Maxwell's Capacitive Co  Air            6%         ∞         100%        8


Dungeon Overview and Level Annotations

Branches:
Dungeon (8/15)             Temple (0/1) D:7          Bailey (visited)
   Lair: D:8-11

Shops:
D:1 [   D:6 ?

Annotations:
D:4 2 transporters
D:8 otakuarchivist's ghost, novice MiFi


Innate Abilities, Weirdness & Mutations

You have an increased reservoir of magic. (+10% MP)
You shall have no god before yourself.
Your divine heritage dramatically boosts your attributes as you level up.


Message History

Throw: 13 darts (poison)
Press: ? - help, Q - select action, (/) - cycle Shift-Dir - straight line, f/p - otakuarchivist's ghost
Aim: otakuarchivist's ghost, wielding a weapon of electrocution (lightly damaged, 67% to hit)
You throw a poisoned dart.
The poisoned dart hits otakuarchivist's ghost.
Otakuarchivist's ghost is lightly damaged.
Otakuarchivist's ghost hits you.
Okay, then.
Otakuarchivist's ghost screams in joy, "As in life, so in death: Kill!
Kill!!
Kill!!!"
Otakuarchivist's ghost attacks as you move away!
Otakuarchivist's ghost hits you but does no damage.
There is an open door here.
Otakuarchivist's ghost attacks as you move away!
Otakuarchivist's ghost hits you.
There is an open door here.
Otakuarchivist's ghost whispers, "Soon you will have time, lots of time..."
Otakuarchivist's ghost attacks as you move away!
Otakuarchivist's ghost misses you.
There is an open door here.
Otakuarchivist's ghost attacks as you move away!
Otakuarchivist's ghost hits you.
There is a bloodstained altar of Trog here.
Otakuarchivist's ghost attacks as you move away!
Otakuarchivist's ghost hits you.
There's nothing to open nearby.
Otakuarchivist's ghost attacks as you move away!
Otakuarchivist's ghost hits you!
You are electrocuted!
* * * LOW HITPOINT WARNING * * *
Otakuarchivist's ghost yells, "Who would have thought, even in death it is a pleasure to sever!"
Otakuarchivist's ghost takes a fighting stance.
Press: ? - help, v - describe, . - travel An open door.
Otakuarchivist's ghost attacks as you move away!
Otakuarchivist's ghost closely misses you.
There is an open door here.
Otakuarchivist's ghost attacks as you move away!
Otakuarchivist's ghost hits you!
* * * LOW HITPOINT WARNING * * *
You are electrocuted!
You die...

### #### #.## ...#
############..# ##'###
#.......#.....# ####
..#..###♣♣♣♣'♣♣♣♣#.......###..##
..#..#..'......W@.##.....##....#
##'..'..♣.♣...♣.♣..#..........##
'.#..#..♣.♣._.♣.♣..............#
#.#..#..♣.♣...♣.♣..............##
#.'##').'.......'...............#
#.#..#..♣♣♣♣'♣♣♣♣##.............#
+.#..###.....##................(.
##'..+.#.....##.)#..#...........#
..#..#...#...)#...#..........#.##


You could see otakuarchivist's ghost.

Vanquished Creatures
  2 hornets
  Sigmund (D:5)
  Eustachio (D:6)
  2 steam dragons
  3 water moccasins
  13 orc warriors
  2 ice beasts
  2 ogres (D:6)
  2 sky beasts
  12 centaurs
  2 phantoms
  2 scorpions
  3 bullfrogs
  9 wights
  3 hounds
  A jelly (D:8)
  A gnoll bouda (D:7)
  4 orc priests
  Crazy Yiuf (D:4)
  4 iguanas
  A sleepcap (D:5)
  5 orc wizards
  6 adders
  9 gnolls
  3 white imps
  4 worms
  43 orcs
  3 endoplasms
  2 giant cockroaches (D:1)
  9 goblins
  6 hobgoblins
  3 quokkas
  10 ball pythons
  2 bats (D:1)
  2 frilled lizards
  8 kobolds
  5 rats
  4 fulminant prisms (Bailey)
195 creatures vanquished.

Vanquished Creatures (others)
  An orc wizard (D:6)
  42 fulminant prisms
43 creatures vanquished.

Grand Total: 238 creatures vanquished

Notes
Turn   | Place    | Note
-------+----------+-------------------------------------------
     0 | D:1      | rvierbuc the Demigod Conjurer began the quest for the Orb.
     0 | D:1      | Reached XP level 1. HP: 14/14 MP: 5/5
    32 | D:1      | Found Temulow's Armour Shoppe.
   473 | D:1      | Reached XP level 2. HP: 20/20 MP: 4/7
  1123 | D:2      | Identified the +10 dagger "Ofuit" {flame, rF+}
  1851 | D:3      | Reached XP level 3. HP: 27/27 MP: 2/8
  2143 | D:2      | Learned a level 2 spell: Searing Ray
  2288 | D:3      | Reached skill level 1 in Fighting
  2439 | D:3      | Reached XP level 4. HP: 35/35 MP: 4/10
  3188 | D:4      | Reached XP level 5. HP: 38/41 MP: 6/12
  3313 | D:4      | Found a runed translucent door.
  3314 | D:4      | Noticed Crazy Yiuf
  3400 | D:4      | Reached skill level 5 in Conjurations
  3520 | D:4      | Got the Grimoire of the Shifting Tincture
  3664 | D:4      | Found a transporter.
  3666 | D:4      | Noticed an ice beast
  3668 | D:4      | Noticed an ice beast
  3832 | D:4      | Found a transporter.
  3938 | D:4      | Killed Crazy Yiuf
  3939 | D:4      | Reached XP level 6. HP: 13/48 MP: 0/13
  4124 | D:4      | Learned a level 4 spell: Fulminant Prism
  4126 | D:4      | Learned a level 1 spell: Apportation
  4176 | D:5      | Entered Level 5 of the Dungeon
  4457 | D:5      | Noticed Sigmund
  4474 | D:5      | Killed Sigmund
  4737 | D:5      | Reached XP level 7. HP: 56/56 MP: 16/16
  4776 | D:5      | Reached skill level 1 in Short Blades
  5626 | D:6      | Noticed Eustachio
  5640 | D:6      | Reached XP level 8. HP: 59/63 MP: 9/18
  5655 | D:6      | Killed Eustachio
  6153 | D:6      | Reached skill level 5 in Dodging
  6236 | D:6      | Reached skill level 1 in Shields
  6391 | D:6      | Found Vuluitua's Magic Scroll Shoppe.
  6563 | D:7      | Found a staircase to the Ecumenical Temple.
  6616 | D:7      | Reached skill level 5 in Spellcasting
  6740 | D:7      | Reached XP level 9. HP: 72/72 MP: 20/20
  6849 | D:7      | Reached skill level 5 in Fighting
  6903 | D:7      | Found a flagged portal.
  6918 | Bailey   | Entered a bailey
  8445 | Bailey   | Reached skill level 1 in Hexes
  8765 | Bailey   | Reached XP level 10. HP: 70/83 MP: 7/22
  9948 | D:8      | Paralysed by a hornet for 1 turns
  9960 | D:8      | Noticed a two-headed ogre
 10401 | D:8      | Found a runed translucent gate.
 10437 | D:8      | Found a runed translucent gate.
 10438 | D:8      | Found a runed translucent gate.
 10439 | D:8      | Noticed otakuarchivist's ghost (novice MiFi)
 10544 | D:8      | Slain by otakuarchivist's ghost

Illustrated notes

Levels and vault maps discovered:
D:1:      dpeg_arrival_simpleton_c, layout_basic, serial_shops, shop
D:2:      layout_basic, basic_altar, minmay_misc_feat_encased,
          kennysheep_generic_room_10
D:3:      layout_loops_ring, mainiacjoe_overflow_paths,
          nicolae_kikubaaqudgha_miasma_corner,
          hellmonk_ecumenical_altar_leap_of_faith
D:4:      gammafunk_cloud_chamber, layout_loops_ring,
          mainiacjoe_overflow_large_starburst, uniq_crazy_yiuf_cottage
D:5:      layout_loops_cross, uniq_sigmund
D:6:      layout_basic, nicolae_overflow_two_pavilions, serial_shops, shop,
          uniq_eustachio
D:7:      layout_loops_cross, cheibriados_altar_1,
          minmay_temple_entry_drinking_statues, enter_bailey_4
D:8:      layout_cave_pools, mainiacjoe_overflow_24_doors,
          mainiacjoe_overflow_six_doors_small, biasface_ghost_orc_armoury,
          nicolae_fountain_basement

Skill      XL: |  1  2  3  4  5  6  7  8  9 10 |
---------------+-------------------------------+-----
Conjurations   | 4 5 6 7 |  7.0
Spellcasting   | 2 3 4 5 6 |  6.5
Dodging        | 2 3 4 5 6 7 |  7.1
Fighting       | 1 2 3 4 5 |  5.9
Stealth        | 2 3 |  3.8
Short Blades   | 1 3 4 |  4.0
Shields        | 1 2 |  2.7
Hexes          | 1 |  1.8

Action                     |  1- 3 |  4- 6 |  7- 9 | 10-12 || total
---------------------------+-------+-------+-------+-------++-------
  Melee: Dagger            |     1 |    24 |    95 |    14 ||   134
  Throw: Boomerang         |       |       |       |     2 ||     2
         Dart              |       |       |       |     1 ||     1
   Cast: Magic Dart        |   101 |    63 |   101 |    18 ||   283
         Searing Ray       |       |     6 |    36 |    13 ||    55
         Fulminant Prism   |       |       |    35 |    11 ||    46
    Use: Scroll            |       |       |     7 |       ||     7
   Stab: Distracted        |       |     1 |       |       ||     1
         Sleeping          |       |       |     1 |       ||     1
 Armour: Robe              |     2 |     8 |    38 |     7 ||    55
  Dodge: Dodged            |     7 |    11 |   111 |    26 ||   155
  Block: Buckler           |       |     4 |    48 |    14 ||    66
